 Dungeon Crawl Stone Soup version 0.19.1 (webtiles) character file.

6113 Gargoyl the Cleaver (level 10, -7/68 HPs)
             Began as a Demonspawn Abyssal Knight on Nov 27, 2016.
             Was a High Priest of Lugonu.
             Mangled by a minotaur
             ... wielding the +4 dagger "Morg" {pain, MR+ Int+5}
              (24 damage)
             ... in a labyrinth.
             The game lasted 00:23:33 (13472 turns).

Gargoyl the Cleaver (Demonspawn Abyssal Knight)    Turns: 13472, Time: 00:23:34

Health: -7/68      AC: 22    Str: 16 (17) XL:     10   Next: 58%
Magic:  16/16      EV: 15    Int: 14 (15) God:    Lugonu [*****.]
Gold:   723        SH:  5    Dex: 19 (21) Spells: 0 memorised, 9 levels left

rFire  + + .     SeeInvis +     L - +9 hand axe "Gomihubof" {chop, +Fly Int+2}
rCold  . . .     Gourm    .     r - +0 plate armour
rNeg   . . .     Faith    .     G - +0 buckler
rPois  .         Spirit   .     H - +2 hat
rElec  .         Reflect  .     (no cloak)
rCorr  .         Harm     .     D - +1 pair of gloves
MR     .....     Clarity  +     (no boots)
Stlth  ..........               (no amulet)
                                b - +4 ring of evasion
                                d - +2 ring of dexterity

@: agile, very slightly contaminated, hasted, studying Air Magic, very quick
A: hooves 1, horns 1, molten scales 3, see invisible, agile 1, blink, clarity,
demonic guardian 1, deterioration 1, fire resistance 1, frail 1
a: Blink, Depart the Abyss, Bend Space, Banish, Corrupt, Enter the Abyss,
Renounce Religion, Evoke Flight


You were in a labyrinth.
You worshipped Lugonu.
Lugonu was extremely pleased with you.
You were not hungry.

You visited 1 branch of the dungeon, and saw 11 of its levels.
You visited the Abyss 1 time.
You also visited: Labyrinth, Sewer and Ossuary.

You collected 723 gold pieces.

Inventory:

Hand Weapons
 a - a +2 hand axe
 y - a +3 war axe
 L - the +9 hand axe "Gomihubof" (weapon) {chop, +Fly Int+2}
   (You found it on level 10 of the Dungeon)

   It inflicts extra damage upon your enemies.
   It affects your intelligence (+2).
   It lets you fly.
Missiles
 I - 5 javelins (quivered)
Armour
 r - a +0 plate armour (worn)
 D - a +1 pair of gloves (worn)
 G - a +0 buckler (worn)
 H - a +2 hat (worn)
 J - the +2 helmet "Robofrol" {-Tele rElec rCorr Str+4}
   (You found it on level 6 of the Dungeon)

   It affects your strength (+4).
   It insulates you from electricity.
   It prevents most forms of teleportation.
   It protects you from acid and corrosion.
Jewellery
 b - a +4 ring of evasion (right hand)
 d - a +2 ring of dexterity (left hand)
Wands
 j - a wand of enslavement (12/24)
 k - a wand of disintegration (10/24)
 A - a wand of confusion (16/48)
 F - a wand of lightning (1/15)
 K - a wand of disintegration (6/24)
 N - a wand of digging (7/24)
 O - a wand of iceblast (11/15)
Scrolls
 l - 8 scrolls of remove curse
 q - a scroll of fear
 u - 2 scrolls of blinking
 w - 6 scrolls of teleportation
 C - 3 scrolls of identify
Potions
 f - a potion of flight
 g - 2 potions of lignification
 h - 2 potions of ambrosia
 i - 2 potions of resistance
 m - a potion of cancellation
 p - 2 potions of degeneration
 v - 7 potions of agility
 x - a potion of brilliance
 B - 2 potions of magic
 M - 3 potions of curing
Books
 P - a manual of Air Magic
Comestibles
 c - 4 bread rations
 n - a fruit
 o - 10 royal jellies
 s - 3 beef jerkies
 t - a slice of pizza


   Skills:
 + Level 6.3 Fighting
 + Level 8.9 Axes
 * Level 8.5 Armour
 + Level 2.8 Dodging
 + Level 2.2 Shields
 * Level 8.4 Invocations


You had 9 spell levels left.
You didn't know any spells.

Dungeon Overview and Level Annotations

Branches:
Dungeon (11/15)            Temple (0/1) D:6             Orc (0/2) D:9
   Lair: D:8-11

Altars:
Elyvilon
Gozag
Hepliaklqana
Makhleb
Okawaru
Ru
Sif Muna
The Shining One

Shops:
D:8 (   D:10 }


Innate Abilities, Weirdness & Mutations

You have large cloven feet.
You are completely covered in molten scales. (AC +4, rF+)
A weak demonic guardian rushes to your aid.
Your flesh is heat resistant. (rF+)
You have a pair of small horns on your head.
You have supernaturally acute eyesight. (SInv)
You are agile. (Dex +2)
You can translocate small distances at will.
You possess an exceptional clarity of mind.
Your body sometimes deteriorates upon taking damage.
You are frail. (-10% HP)


Message History

The minotaur is moderately wounded.
The minotaur hits you but does no damage.
You writhe in agony.
The minotaur gores you!
* * * LOW HITPOINT WARNING * * *
Your plate armour prevents you from hitting the minotaur.
You headbutt the minotaur, but do no damage.
The minotaur is moderately wounded.
The minotaur hits you with the +4 dagger "Morg" {pain, MR+ Int+5}.
* * * LOW HITPOINT WARNING * * *
The minotaur misses you.
You barely miss the minotaur. Your kick misses the minotaur.
The minotaur is moderately wounded.
You hit the minotaur.
You kick the minotaur, but do no damage.
You headbutt the minotaur, but do no damage.
The minotaur is moderately wounded.
Your ufetubus hits the minotaur but does no damage.
Your ufetubus hits the minotaur.
The minotaur hits you with the +4 dagger "Morg" {pain, MR+ Int+5}!!
You die...

## # #=.:# #
#8.8# #.# ..
#[.:# ... #.#
#8.8# # # ...
#...# #.. ...#
###.## 8(8 .#
......##H##.#
#... ###..5@...##
##. ##
#.........#. .
#.# ..
#####.#######.###
## . #..... . ...
# . ### ###.# #.
. # .....# . ##.
# ## # . .# #.#.#


You could see a minotaur and a friendly ufetubus.

Vanquished Creatures
  An unseen horror (D:10)
  A centaur skeleton (D:10)
  A two-headed ogre (D:10)
  A polar bear (D:10)
  2 hippogriffs
  Sigmund (D:2)
  A yak (D:10)
  The ghost of endorz the Shooter, an amateur CeHu (D:5)
  A hungry ghost (Lab)
  A warg (D:9)
  Duvessa (D:4)
  Purgy (Sewer)
  3 orc warriors
  A phantom (D:5)
  A centaur (D:6)
  2 ogres
  A crocodile (D:9)
  3 bullfrogs
  An earth elemental (Lab)
  2 gnoll sergeants
  A water moccasin zombie (D:9)
  Dowan (D:4)
  5 wights (D:9)
  An electric eel (D:10)
  A crimson imp (D:6)
  A human zombie (Ossuary)
  7 jellies
  6 hounds
  3 orc priests
  8 orc wizards
  Terence (D:3)
  9 worker ants
  Ijyb (D:3)
  An iguana (D:8)
  3 mummies (Ossuary)
  15 adders
  9 gnolls
  A shadow imp (D:7)
  A worker ant simulacrum (D:10)
  6 oozes
  5 adder zombies (Ossuary)
  An adder skeleton (D:7)
  2 worms
  2 dart slugs (D:1)
  3 leopard geckos
  32 orcs
  3 giant cockroaches
  7 goblins
  8 hobgoblins
  12 jackals
  2 quokkas
  9 bats
  7 frilled lizards
  4 hobgoblin zombies (Ossuary)
  A jackal skeleton (D:7)
  2 kobolds (D:3)
  A kobold zombie (Ossuary)
  2 quokka zombies (Ossuary)
  16 rats
  4 rat zombies (Ossuary)
231 creatures vanquished.

Vanquished Creatures (collateral kills)
  The ghost of hullu the Carver, a novice MiBe of Trog (Ossuary)
  A wyvern (D:10)
  A hungry ghost (D:9)
  A soldier ant (D:9)
  An ice beast (D:10)
  2 orc warriors
  A crimson imp (D:5)
  An orc priest (D:4)
  2 orc wizards (D:9)
  An iguana (D:5)
  2 orcs
  A rat zombie (Ossuary)
15 creatures vanquished.

Vanquished Creatures (others)
  A sixfirhy (Abyss:2)
  An electric eel (D:10)
  An orc wizard (D:3)
3 creatures vanquished.

Grand Total: 249 creatures vanquished

Notes
Turn   | Place    | Note
-------+----------+-------------------------------------------
     0 | Abyss:1  | Gargoyl the Demonspawn Abyssal Knight began the quest for the Orb.
     0 | Abyss:1  | Reached XP level 1. HP: 18/18 MP: 2/2
    11 | Abyss:2  | Found a corrupted altar of Lugonu.
    23 | Abyss:2  | Killed a sixfirhy
    50 | Abyss:2  | Noticed an ancient zyme
    63 | Abyss:2  | Noticed a thrashing horror
    65 | D:1      | Escaped the Abyss
   112 | D:1      | Reached * piety under Lugonu
   354 | D:1      | Reached skill level 1 in Dodging
   358 | D:1      | Gained mutation: You are partially covered in molten scales. (AC +2) [demonic ancestry]
   358 | D:1      | Reached XP level 2. HP: 22/24 MP: 3/3
   884 | D:2      | Noticed Sigmund
   979 | D:2      | Killed Sigmund
   979 | D:2      | Reached XP level 3. HP: 4/30 MP: 5/5
   979 | D:2      | Reached XP level 4. HP: 5/37 MP: 6/6
   979 | D:2      | Gained mutation: A weak demonic guardian rushes to your aid. [demonic ancestry]
   979 | D:2      | Reached XP level 5. HP: 6/42 MP: 7/7
  1528 | D:2      | Reached ** piety under Lugonu
  2002 | D:3      | Found a glowing drain.
  2056 | Sewer    | Entered a sewer
  2210 | Sewer    | Noticed Purgy
  2218 | Sewer    | Killed Purgy
  2218 | Sewer    | Gained mutation: Your flesh is heat resistant. (rF+) [demonic ancestry]
  2218 | Sewer    | Reached XP level 6. HP: 40/48 MP: 7/9
  2419 | D:3      | Noticed Ijyb
  2439 | D:3      | Killed Ijyb
  2741 | D:3      | Noticed Terence
  2760 | D:3      | Killed Terence
  3062 | D:3      | Found a faded altar of an unknown god.
  3239 | D:3      | Reached *** piety under Lugonu
  3411 | D:3      | Found a deep blue altar of Sif Muna.
  3836 | D:4      | Found a burning altar of Makhleb.
  3851 | D:4      | Reached XP level 7. HP: 45/54 MP: 10/10
  4306 | D:4      | Noticed Duvessa
  4306 | D:4      | Noticed Dowan
  4317 | D:4      | Killed Duvessa
  4331 | D:4      | Killed Dowan
  4749 | D:5      | Entered Level 5 of the Dungeon
  4851 | D:5      | Reached skill level 5 in Axes
  5336 | D:5      | Noticed endorz's ghost (amateur CeHu)
  5361 | D:5      | Killed endorz's ghost
  5361 | D:5      | Reached skill level 5 in Armour
  5361 | D:5      | Gained mutation: You are mostly covered in molten scales. (AC +3) [demonic ancestry]
  5361 | D:5      | Reached XP level 8. HP: 55/61 MP: 11/11
  5390 | D:5      | Found a hazy altar of Hepliaklqana.
  5667 | D:5      | Reached skill level 5 in Invocations
  5975 | D:5      | Found a glowing golden altar of the Shining One.
  5975 | D:5      | Found a white marble altar of Elyvilon.
  5975 | D:5      | Found a sacrificial altar of Ru.
  6187 | D:6      | Found a staircase to the Ecumenical Temple.
  6705 | D:6      | Got a faintly humming helmet
  6713 | D:6      | Identified the +2 helmet "Robofrol" {-Tele rElec rCorr Str+4} (You found it on level 6 of the Dungeon)
  7142 | D:7      | Found a sand-covered staircase.
  7151 | Ossuary  | Entered an ossuary
  7353 | Ossuary  | Noticed hullu's ghost (novice MiBe)
  7371 | Ossuary  | Gained mutation: You are completely covered in molten scales. (AC +4, rF+) [potion of mutation]
  7371 | Ossuary  | Gained mutation: You can translocate small distances at will. [potion of mutation]
  7371 | Ossuary  | Gained mutation: You have supernaturally acute eyesight. (SInv) [potion of mutation]
  7403 | Ossuary  | Killed hullu's ghost
  7403 | Ossuary  | Reached **** piety under Lugonu
  7403 | Ossuary  | Reached skill level 5 in Fighting
  7555 | D:7      | Gained mutation: Your body sometimes deteriorates upon taking damage. [potion of mutation]
  7555 | D:7      | Gained mutation: You have a pair of small horns on your head. [potion of mutation]
  7556 | D:7      | Gained mutation: Your mind is acute. (Int +2) [potion of mutation]
  7556 | D:7      | Gained mutation: You possess an exceptional clarity of mind. [potion of mutation]
  7557 | D:7      | Lost mutation: Your mind is acute. (Int +2) [potion of mutation]
  7557 | D:7      | Gained mutation: You are agile. (Dex +2) [potion of mutation]
  7557 | D:7      | Gained mutation: You are frail. (-10% HP) [potion of mutation]
  7581 | D:7      | Reached XP level 9. HP: 61/61 MP: 13/13
  8921 | D:8      | Found Cekawk's Weapon Shoppe.
 10009 | D:9      | Found a staircase to the Orcish Mines.
 10424 | D:9      | Reached skill level 1 in Shields
 11069 | D:9      | Found an opulent altar of Gozag.
 11101 | D:9      | Reached ***** piety under Lugonu
 11400 | D:9      | Found an iron altar of Okawaru.
 11470 | D:9      | Gained mutation: You have large cloven feet. [demonic ancestry]
 11470 | D:9      | Reached XP level 10. HP: 51/68 MP: 15/15
 11580 | D:10     | Entered Level 10 of the Dungeon
 11608 | D:10     | Got a bone hand axe
 11618 | D:10     | Identified the +9 hand axe "Gomihubof" {chop, +Fly Int+2} (You found it on level 10 of the Dungeon)
 12116 | D:10     | Found Qacab's Gadget Shoppe.
 12394 | D:10     | Noticed an unseen horror
 12422 | D:10     | Killed an unseen horror
 12821 | D:11     | Found a labyrinth entrance.
 12845 | Lab      | Entered a labyrinth
 13454 | Lab      | Noticed a minotaur
 13472 | Lab      | Mangled by a minotaur

Skill      XL: |  1  2  3  4  5  6  7  8  9 10 |
---------------+-------------------------------+-----
Axes           | 2 3 4 5 6 8 |  8.9
Dodging        | 1 2 |  2.8
Armour         | 3 4 5 6 7 8 |  8.5
Invocations    | 3 4 6 7 8 |  8.4
Fighting       | 4 5 6 |  6.3
Shields        | 1 2 |  2.2

Action                   |  1- 3 |  4- 6 |  7- 9 | 10-12 || total
-------------------------+-------+-------+-------+-------++-------
Melee: Hand axe          |    84 |   241 |   410 |   121 ||   856
       War axe           |       |       |   199 |    12 ||   211
       Headbutt          |       |       |    56 |    35 ||    91
       Kick              |       |       |       |    48 ||    48
Throw: Javelin           |       |       |       |     5 ||     5
Invok: Depart the Abyss  |     1 |       |       |       ||     1
       Banish            |       |       |       |     1 ||     1
  Use: Scroll            |     2 |     4 |    14 |     2 ||    22
       Potion            |     2 |       |    19 |     3 ||    24
 Stab: Distracted        |       |       |     1 |       ||     1
  Eat: Chunk             |       |     9 |    19 |     3 ||    31
       Bread ration      |       |       |     2 |     1 ||     3
       Fruit             |       |       |       |     2 ||     2
       Meat ration       |       |       |       |     1 ||     1
Armor: Leather armour    |     9 |       |       |       ||     9
       Ring mail         |    16 |    74 |       |       ||    90
       Skin              |     9 |       |    10 |       ||    19
       Chain mail        |       |    37 |   179 |       ||   216
       Plate armour      |       |       |   175 |    91 ||   266
Dodge: Dodged            |    42 |   197 |   355 |    48 ||   642
Block: Buckler           |       |       |    45 |    13 ||    58
